 Dungeon Crawl Stone Soup version 0.23-a0-619-g281719c (console) character file.

622660 Duffy the Blinker (level 27, 244/247 (248) HPs)
             Began as a Naga Fighter on Dec 22, 2018.
             Was the Champion of Cheibriados.
             Quit the game on level 2 of the Realm of Zot.
             The game lasted 01:27:00 (60432 turns).

Duffy the Blinker (Naga Fighter)                   Turns: 60432, Time: 01:27:01

HP:   244/247 (248) AC: 46    Str: 53    XL:     27
MP:   39/39         EV: 24    Int: 29    God:    Cheibriados [******]
Gold: 7072          SH: 42    Dex: 30    Spells: 17/51 levels left

rFire    + + .     SeeInvis +   a - +9 broad axe (elec)
rCold    + + +     Gourm    .   l - +10 large shield of Ignorance {rN+ Int-4}
rNeg     + . .     Faith    +   F - +10 storm dragon scales
rPois    +         Spirit   .   n - +2 helmet of Keiwouru {rF++ Int+2}
rElec    +         Reflect  .   I - scarf {cloud immunity}
rCorr    .         Harm     .   o - +2 pair of gloves {Str+3}
MR       +++++                  w - +1 naga barding {Fly}
Stlth    ..........             s - amulet of Togrirgha {Faith rC+ Str+6 Dex+5}
HPRegen  0.51/turn              H - ring of the Scavenger {MR++ Int+4 Dex+2 Slay+5}
MPRegen  0.26/turn              R - ring of Obussac {*Contam rC+++ MR+++ EV+4 Dex-2}

@: flying, very slow
A: large, large bone plates 1, see invisible, deformed body, mutation resistance
1, poison resistance, shaggy fur 1, slowness 2, slow metabolism 1, spit poison
1, constrict 1, AC +9
}: 4/15 runes: decaying, slimy, silver, gossamer
a: Spit Poison, Bend Time, Temporal Distortion, Slouch, Step From Time, Renounce
Religion, Stop Flying


You were on level 2 of the Realm of Zot.
You worshipped Cheibriados.
Cheibriados was exalted by your worship.
You were not hungry.

You visited 12 branches of the dungeon, and saw 55 of its levels.
You visited 1 bazaar.
You also visited: Gauntlet and Ice Cave.

You collected 9191 gold pieces.
You spent 2119 gold pieces at shops.

Inventory:

Hand Weapons
 a - a +9 broad axe of electrocution (weapon)
 b - a +9 antimagic broad axe
Missiles
 J - 6 throwing nets (quivered)
Armour
 l - the +10 large shield of Ignorance (worn) {rN+ Int-4}
   (You took it off a deep elf elementalist on level 3 of the Elven Halls)

   It affects your intelligence (-4).
   It protects you from negative energy.
 n - the +2 helmet of Keiwouru (worn) {rF++ Int+2}
   (You acquired it on level 4 of the Lair of Beasts)

   It affects your intelligence (+2).
   It greatly protects you from fire.
 o - a +2 pair of gloves of strength (worn)
 w - a +1 naga barding of flying (worn)
 F - +10 storm dragon scales (worn)
 I - a scarf of cloud immunity (worn)
 T - the +7 pearl dragon scales "Xuasidod" {rC+ rN+ Str+4 Dex+3 SInv}
   (You found it on level 5 of the Pits of Slime)

   It affects your strength (+4).
   It affects your dexterity (+3).
   It protects you from cold.
   It protects you from negative energy.
   It lets you see invisible.
Jewellery
 s - the amulet of Togrirgha (around neck) {Faith rC+ Str+6 Dex+5}
   (You found it on level 1 of the Depths)

   [amulet of faith]

   It allows you to gain divine favour quickly.
   It affects your strength (+6).
   It affects your dexterity (+5).
   It protects you from cold.
 y - the amulet "Moghyhui" {+Rage rPois rF+ rN++ Str+2}
   (You found it on level 4 of the Lair of Beasts)

   [amulet of rage]

   It affects your strength (+2).
   It protects you from fire.
   It protects you from poison.
   It greatly protects you from negative energy.
   It lets you go berserk.
 D - the ring "Beesor" {*Drain rElec rN++ Int+4 Stlth+}
   (You took it off a vampire knight on level 4 of the Depths)

   [ring of stealth]

   It affects your intelligence (+4).
   It insulates you from electricity.
   It greatly protects you from negative energy.
   It causes draining when unequipped.
   It makes you more stealthy.
 G - an uncursed ring of resist corrosion
 H - the ring of the Scavenger (left hand) {MR++ Int+4 Dex+2 Slay+5}
   (You found it in an ice cave)

   [ring of dexterity]

   It affects your intelligence (+4).
   It affects your dexterity (+2).
   It affects your accuracy and damage with ranged weapons and melee attacks
   (+5).
   It affects your resistance to hostile enchantments.
 R - the ring of Obussac (right hand) {*Contam rC+++ MR+++ EV+4 Dex-2}
   (You found it on level 6 of the Lair of Beasts)

   [ring of evasion]

   It affects your evasion (+4).
   It affects your dexterity (-2).
   It renders you almost immune to cold.
   It affects your resistance to hostile enchantments.
   It causes magical contamination when unequipped.
 U - the ring "Gizodupn" {rN+ Int+7}
   (You found it on level 3 of the Crypt)

   [ring of positive energy]

   It affects your intelligence (+7).
   It protects you from negative energy.
 V - the ring "Lejeeg" {rN+ MR+}
   (You found it in a Gauntlet)

   [ring of protection from magic]

   It protects you from negative energy.
   It affects your resistance to hostile enchantments.
 X - the ring of Lady Luck {rC- Int+10 SInv}
   (You found it on level 3 of the Vaults)

   [ring of see invisible]

   It affects your intelligence (+10).
   It makes you vulnerable to cold.
   It lets you see invisible.
Wands
 p - a wand of iceblast (39)
 v - a wand of acid (13)
 E - a wand of clouds (11)
 O - a wand of digging (22)
Scrolls
 d - 10 scrolls of immolation
 i - 9 scrolls of fog
 j - 7 scrolls of blinking
 q - 20 scrolls of remove curse
 r - 9 scrolls of fear
 u - 8 scrolls of silence
 x - a scroll of summoning
 z - 20 scrolls of teleportation
 K - 23 scrolls of identify
 N - 8 scrolls of magic mapping
 Q - 3 scrolls of enchant armour
Potions
 c - 8 potions of ambrosia
 g - 8 potions of brilliance
 h - 3 potions of resistance
 k - 29 potions of curing
 m - 7 potions of flight
 t - 9 potions of might
 A - 4 potions of magic
 C - 10 potions of heal wounds
 L - 3 potions of invisibility
 M - 4 potions of agility
 P - 2 potions of cancellation
 S - 7 potions of mutation
Miscellaneous
 e - 4 boxes of beasts
 B - 7 phantom mirrors
Comestibles
 f - 80 rations
 W - a chunk of flesh


   Skills:
 - Level 15.0 Fighting
 - Level 18.0 Axes
 - Level 14.0 Armour
 - Level 14.0 Dodging
 - Level 15.0 Shields
 + Level 12.8 Spellcasting
 - Level 5.0 Hexes
 - Level 11.0 Charms
 - Level 5.0 Necromancy
 * Level 19.3 Translocations
 - Level 11.0 Air Magic
 - Level 14.0 Invocations
 - Level 10.0 Evocations


You had 17 spell levels left.
You knew the following spells:

 Your Spells              Type           Power        Failure   Level  Hunger
c - Controlled Blink      Tloc           N/A          13%         8    #######
h - Spectral Weapon       Hex/Chrm       ######..     1%          3    None
j - Regeneration          Chrm/Necr      ######....   1%          3    None
k - Borgnjor's Vile Clut  Necr/Erth      ####......   47%         5    ##.....
m - Deflect Missiles      Chrm/Air       ######....   10%         6    ####...
p - Passwall              Tmut/Erth      ###.....     9%          2    None
s - Silence               Hex/Air        ######....   5%          5    ##.....
B - Blink                 Tloc           N/A          0%          2    None

Your spell library contained the following spells:

 Spells                   Type           Power        Failure   Level  Hunger
 Apportation              Tloc           ######       0%          1    None
 Shroud of Golubria       Chrm/Tloc      #######...   0%          2    None
 Gell's Gravitas          Tloc           #######...   0%          3    None
 Animate Skeleton         Necr           N/A          1%          1    None
 Confusing Touch          Hex            #####.       1%          1    None
 Corona                   Hex            #####..      1%          1    None
 Infusion                 Chrm           ####         1%          1    None
 Shock                    Conj/Air       ####         1%          1    None
 Corpse Rot               Necr           N/A          1%          2    None
 Poisonous Vapours        Pois/Air       ######       1%          2    None
 Slow                     Hex            #####...     1%          2    None
 Song of Slaying          Chrm           ######..     1%          2    None
 Swiftness                Chrm/Air       ######..     1%          2    None
 Confuse                  Hex            #####...     1%          3    None
 Ozocubu's Armour         Chrm/Ice       ######..     1%          3    None
 Portal Projectile        Hex/Tloc       ######       1%          3    None
 Recall                   Summ/Tloc      N/A          1%          3    None
 Static Discharge         Conj/Air       ######..     1%          3    None
 Tukima's Dance           Hex            #####...     1%          3    None
 Vampiric Draining        Necr           #####.....   1%          3    None
 Airstrike                Air            ######....   1%          4    None
 Force Lance              Conj/Tloc      ######..     1%          4    None
 Dispersal                Tloc           #######...   1%          6    ####...
 Ensorcelled Hibernation  Hex/Ice        ####..       3%          2    None
 Mephitic Cloud           Conj/Pois/Air  #####...     3%          3    None
 Summon Forest            Summ/Tloc      ######....   3%          5    ##.....
 Beastly Appendage        Tmut           ###...       5%          1    None
 Flame Tongue             Conj/Fire      ###..        5%          1    None
 Freeze                   Ice            ###.         5%          1    None
 Magic Dart               Conj           ###.         5%          1    None
 Sandblast                Erth           ###...       5%          1    None
 Summon Butterflies       Summ           ###.....     5%          1    None
 Summon Small Mammal      Summ           ###.         5%          1    None
 Excruciating Wounds      Chrm/Necr      ######....   5%          5    ##.....
 Dazzling Spray           Conj/Hex       ####..       6%          3    None
 Inner Flame              Hex/Fire       ####....     6%          3    None
 Summon Guardian Golem    Hex/Summ       ####....     6%          3    None
 Summon Lightning Spire   Summ/Air       ######..     6%          4    None
 Animate Dead             Necr           N/A          7%          4    None
 Cause Fear               Hex            #####.....   7%          4    None
 Call Imp                 Summ           ###.....     9%          2    None
 Searing Ray              Conj           ###...       9%          2    None
 Sticks to Snakes         Tmut           ###.....     9%          2    None
 Throw Frost              Conj/Ice       ###...       9%          2    None
 Disjunction              Tloc           #######...   13%         8    #######
 Iskenderun's Battlesphe  Conj/Chrm      ######..     16%         5    ##.....
 Lightning Bolt           Conj/Air       ######....   16%         5    ##.....
 Call Canine Familiar     Summ           ###.....     17%         3    None
 Conjure Flame            Conj/Fire      ###.....     17%         3    None
 Ignite Poison            Fire/Tmut/Pois ###.....     17%         3    None
 Spider Form              Tmut/Pois      ###.......   17%         3    None
 Stone Arrow              Conj/Erth      ###...       17%         3    None
 Fulminant Prism          Conj/Hex       ####......   19%         4    None
 Leda's Liquefaction      Hex/Erth       ####......   19%         4    None
 Metabolic Englaciation   Hex/Ice        ####......   47%         5    ##.....
 Yara's Violent Unravell  Hex/Tmut       ####......   47%         5    ##.....
 Ice Form                 Ice/Tmut       ###.....     50%         4    None
 Iskenderun's Mystic Bla  Conj           ###.....     50%         4    None
 Petrify                  Tmut/Erth      ###.....     50%         4    None
 Sticky Flame             Conj/Fire      ###.....     50%         4    None
 Summon Ice Beast         Ice/Summ       ###.....     50%         4    None
 Throw Icicle             Conj/Ice       ###.....     50%         4    None
 Conjure Ball Lightning   Conj/Air       ######....   65%         6    ####...
 Darkness                 Hex            #####.....   71%         6    ####...
 Death Channel            Necr           #####.....   71%         6    ####...
 Aura of Abjuration       Summ           ###.......   83%         5    ##.....
 Blade Hands              Tmut           ###.......   83%         5    ##.....
 Bolt of Magma            Conj/Fire/Erth ###.......   83%         5    ##.....
 Fireball                 Conj/Fire      ###.......   83%         5    ##.....
 Lee's Rapid Deconstruct  Erth           ###.......   83%         5    ##.....
 Venom Bolt               Conj/Pois      ###.......   83%         5    ##.....
 Freezing Cloud           Conj/Ice/Air   #####.....   88%         6    ####...
 Simulacrum               Ice/Necr       ####......   96%         6    ####...
 Ring of Flames           Chrm/Fire      ######....   99%         7    ######.
 Bolt of Fire             Conj/Fire      ###.......   100%        6    ####...
 Hydra Form               Tmut           ###.......   100%        6    ####...
 Iron Shot                Conj/Erth      ###.......   100%        6    ####...
 Statue Form              Tmut/Erth      ###......    100%        6    ####...
 Dragon Form              Tmut           ###.......   100%        7    ######.
 Haunt                    Necr/Summ      ####......   100%        7    ######.
 Orb of Destruction       Conj           ###.......   100%        7    ######.
 Spellforged Servitor     Conj/Summ      ###.......   100%        7    ######.
 Summon Hydra             Summ           ###.......   100%        7    ######.
 Borgnjor's Revivificati  Necr           #####.....   100%        8    #######
 Death's Door             Chrm/Necr      ######....   100%        8    #######
 Discord                  Hex            #####.....   100%        8    #######
 Ignition                 Fire           ###.......   100%        8    #######
 Infestation              Necr           #####.....   100%        8    #######
 Necromutation            Tmut/Necr      ####......   100%        8    #######
 Dragon's Call            Summ           ###.......   100%        9    #######
 Shatter                  Erth           ###.......   100%        9    #######
 Tornado                  Air            ######....   100%        9    #######


Dungeon Overview and Level Annotations

Branches:
Dungeon (15/15)            Temple (0/1) D:4            Lair (6/6) D:11
  Swamp (4/4) Lair:2       Spider (4/4) Lair:2        Slime (5/5) Lair:6
    Orc (2/2) D:10            Elf (3/3) Orc:2        Vaults (5/5) D:13
  Crypt (3/3) Vaults:3       Tomb (0/3) Crypt:3      Depths (5/5) D:15
   Hell (1/1)                 Dis (0/7) Hell            Geh (0/7) Hell
    Coc (0/7) Hell            Tar (0/7) Hell            Zot (2/5) Depths:5

Altars:
Ashenzari
Cheibriados
Gozag
Kikubaaqudgha
Makhleb
Nemelex Xobeh
Okawaru
Ru
Trog
Vehumet
Xom
Zin
Jiyva

Shops:
D:8 (   D:10 (   D:11 :   Orc:2 [?([   Elf:1 !   Elf:3 ==}   Vaults:5 ?
Depths:1 ((   Depths:4 [[

Portals:
Hell: Depths:1 Depths:2 Depths:3 Depths:4 Depths:5
Abyss: Depths:4
Pandemonium: Depths:3 Depths:4
Ziggurat: Depths:4
Trove: D:15 (give 8 potions of agility)

Annotations:
Elf:2 3 runed doors, exclusion: 3 doors


Innate Abilities, Weirdness & Mutations

You cannot wear boots.
Your serpentine skin is tough. (AC +9)
You have supernaturally acute eyesight. (SInv)
Armour fits poorly on your strangely shaped body.
Your system is resistant to poisons. (rPois)
You cover ground very slowly.
You have a slow metabolism.
You can spit poison.
You can use your snake-like lower body to constrict enemies.
You are partially covered in large bone plates. (SH +4)
You are somewhat resistant to further mutation.
You are covered in fur. (AC +1)


Message History

You block the death cob's attack. x3; The death cob misses you.
You see here a golden dragon corpse.
You slash the death cob!
Lightning courses through the death cob!
Your grab misses the death cob.
The death cob is moderately damaged.
You block the death cob's attack. x2
You slash the death cob!
Lightning courses through the death cob!
Your grab misses the death cob.
The death cob is heavily damaged.
You block the death cob's attack. x2
You slash the death cob! You grab the death cob.
The death cob is severely damaged.
You constrict the death cob. You block the death cob's attack.
The death cob misses you.
You chop the death cob into pieces!!!
You destroy the death cob!
Cheibriados thoroughly appreciates the change of pace.
Are you sure you want to abandon this character and quit the game? (Confirm

#..###........#
#...##........#...##
#..........####.....
#..........####.....
#..........####.....
##..#.......#y>#...#
#...#.......####...#
#...###............#
#..(# #......@.....#
##..# #......#.....#
#..# #.....##.....#
##..# #.....# .....#
#...######### .....#
#.....########.>...#
#........<#y........#
#############.......#
...


You could see a moth of wrath.

Vanquished Creatures
  the Royal Jelly (Slime:5)
  An orb of fire (Zot:1)
  Mennas (Vaults:4)
  An ancient lich (Crypt:3)
  3 juggernauts
  Boris (Crypt:3)
  the Lernaean hydra (Swamp:4)
  Margery (Depths:4)
  3 caustic shrikes (Depths:5)
  5 golden dragons
  Geryon (Hell)
  Jory (Crypt:3)
  2 bone dragons
  the Enchantress (Depths:3)
  The ghost of TheNamelessOne the Sorcerer, an adept FeFE of the Shining One (Depths:5)
  A shard shrike zombie (Crypt:2)
  4 liches
  10 tentacled monstrosities
  2 deep elf master archers (Elf:3)
  2 quicksilver dragons
  2 deep elf blademasters (Elf:3)
  5 titans
  16 acid blobs
  2 thorn hunters
  4 death cobs
  Kirke (Swamp:3)
  2 sphinxes
  14 storm dragons
  Roxanne (Swamp:3)
  3 revenants
  6 shadow dragons
  8 tengu reavers
  12 fire giants
  7 azure jellies
  An orc warlord (Vaults:4)
  6 deep elf sorcerers
  7 frost giants
  A cacodemon (Hell)
  11 vault wardens
  5 iron dragons
  4 emperor scorpions
  A draconian shifter (Depths:5)
  6 deep elf elementalists
  7 reapers (Hell)
  3 ghouls (Crypt:1)
  A draconian stormcaller (Depths:5)
  4 ghost moths
  A balrug (Hell)
  Louise (Elf:2)
  8 ironheart preservers
  4 curse skulls
  15 very ugly things
  5 spriggan defenders
  2 entropy weavers
  16 stone giants
  7 war gargoyles
  A caustic shrike skeleton (Depths:2)
  9 deep elf demonologists
  5 black draconians
  4 green draconians
  9 vampire knights
  A minotaur (Gauntlet)
  A dire elephant (Lair:6)
  16 deep elf annihilators
  2 lorocyprocas
  2 yellow draconians
  3 eidola
  10 deep elf death magi
  8 spark wasps
  10 ettins
  3 blizzard demons
  Snorg (D:14)
  3 fire dragons
  7 death oozes
  A quicksilver dragon zombie (Vaults:4)
  17 ogre magi
  A large abomination (Vaults:5)
  8 jiangshi
  11 great orbs of eyes
  3 deep elf high priests (Elf:3)
  3 rakshasas
  30 vault guards
  Josephine (Lair:6)
  The ghost of derval the Geomancer, a journeyman DDEE of Makhleb (D:11)
  Harold (D:9)
  5 ice dragons
  20 yaktaur captains
  5 shambling mangroves
  2 ghost crabs
  22 hydras
  2 hell beasts (Hell)
  A quicksilver dragon skeleton (Crypt:3)
  7 spriggan air magi
  5 death knights
  2 anacondas (shapeshifter)
  14 centaur warriors
  41 two-headed ogres
  16 dancing weapons
  12 deep troll shamans
  5 hell hogs (Hell)
  A titan zombie (Vaults:4)
  2 orc high priests
  6 vampire magi
  5 tengu warriors
  5 death yaks
  10 alligators
  A naga sharpshooter (Depths:4)
  3 deep troll earth magi
  10 spriggan berserkers
  Urug (Lair:2)
  7 soul eaters
  2 storm dragon zombies
  9 sun demons
  12 deep elf knights
  An iron golem (Hell)
  3 shadow wraiths
  4 hell knights
  An anaconda zombie (Crypt:3)
  44 skeletal warriors
  2 sixfirhies (Hell)
  3 glowing orange brains
  A spark wasp zombie (Depths:2)
  3 unseen horrors
  An entropy weaver zombie (Crypt:1)
  A death drake (shapeshifter) (Vaults:1)
  6 iron trolls
  2 flayed ghosts
  14 swamp dragons
  12 phantasmal warriors
  A shadow demon (Depths:3)
  A shadow dragon zombie (Vaults:4)
  11 deep elf archers
  2 wizards
  22 deep trolls
  A spriggan druid (Swamp:1)
  2 anaconda skeletons
  An obsidian statue (Depths:3)
  8 ironbrand convokers
  A wolf spider zombie (Crypt:3)
  A harpy (shapeshifter) (D:14)
  13 orb spiders
  An orb spider (shapeshifter) (Vaults:4)
  2 oklob plants (Lair:4)
  4 harpies (Vaults:4)
  13 orc knights
  63 deep elf magi
  8 shining eyes
  An iron giant skeleton (Crypt:2)
  8 necromancers
  4 orc sorcerers
  38 wolf spiders
  A spectral centaur (D:11)
  32 ugly things
  4 centaur zombies
  7 fire giant skeletons
  A frost giant zombie (Crypt:3)
  A sphinx skeleton (Vaults:4)
  2 manticores
  8 cyclopes
  A stone giant skeleton (Crypt:3)
  4 moths of wrath
  13 elephants
  A black mamba (shapeshifter) (Elf:2)
  A guardian serpent (shapeshifter) (Depths:2)
  7 rust devils
  5 gargoyles
  13 vault sentinels
  A torpor snail (shapeshifter) (Vaults:5)
  4 torpor snails
  An eye of devastation (shapeshifter) (Vaults:5)
  28 spiny frogs
  8 black mambas
  3 ice statues
  A molten gargoyle (Hell)
  2 hellions (Hell)
  5 eyes of devastation
  A guardian serpent (Lair:6)
  A smoke demon (Gauntlet)
  36 yaktaurs
  An orc skeleton (Vaults:2)
  An orange demon (Hell)
  A komodo dragon (shapeshifter) (Vaults:1)
  A yellow draconian zombie (Crypt:1)
  9 freezing wraiths
  A yaktaur (shapeshifter) (Depths:3)
  A rime drake (IceCv)
  8 komodo dragons
  A tormentor (Hell)
  7 ice devils
  An efreet (D:11)
  3 tengu conjurers
  9 demonic crawlers
  A yaktaur skeleton (Vaults:2)
  9 trolls
  12 red devils
  A purple draconian skeleton (Crypt:2)
  A troll (shapeshifter) (Vaults:4)
  41 jumping spiders
  10 tyrant leeches
  A shadow dragon simulacrum (Vaults:3)
  A wolf spider simulacrum (D:14)
  31 polar bears
  A meliai (shapeshifter) (Vaults:5)
  A tyrant leech (shapeshifter) (Vaults:5)
  39 hornets
  A moth of wrath zombie (Crypt:1)
  A hydra skeleton (Hell)
  9 blink frogs
  A wind drake (shapeshifter) (D:13)
  A raiju (Lair:6)
  111 slime creatures
  2 ettin zombies (Crypt:3)
  8 hippogriffs
  A deep troll zombie (D:15)
  An elf zombie (Depths:2)
  19 bog bodies
  An alligator skeleton (Hell)
  A spriggan zombie (Depths:2)
  3 meliai zombies
  A fire dragon zombie (Crypt:2)
  A stone giant simulacrum (Vaults:5)
  2 air elementals
  A centaur simulacrum (D:11)
  3 flying skulls (Crypt:2)
  2 deep troll skeletons
  11 fire dragon skeletons
  A spriggan (shapeshifter) (Depths:4)
  7 vampires
  A tarantella (shapeshifter) (Vaults:1)
  A wind drake zombie (Crypt:2)
  13 wraiths
  11 spriggans
  14 wyverns
  2 ettin skeletons (Crypt:3)
  6 shadows
  59 redbacks
  38 yaks
  39 tarantellas
  3 hogs (Swamp:3)
  A black mamba skeleton (Crypt:3)
  2 basilisks
  16 humans (D:13)
  A golden eye (Gauntlet)
  A steam dragon (D:15)
  14 water elementals
  7 fire elementals (Hell)
  21 vampire mosquitoes
  6 hungry ghosts
  A merfolk zombie (Crypt:3)
  19 swamp worms
  A warg (shapeshifter) (Vaults:5)
  12 wargs
  A water nymph zombie (Crypt:2)
  8 insubstantial wisps
  A soldier ant (D:12)
  A hydra simulacrum (Hell)
  An acid dragon (Vaults:1)
  15 hell hounds
  3 floating eyes (Depths:4)
  7 porcupines
  A tengu zombie (D:15)
  A human skeleton (D:15)
  A spiny frog skeleton (Hell)
  25 water moccasins
  An infernal demonspawn skeleton (Crypt:2)
  4 phantoms
  10 ice beasts
  2 eyes of draining
  11 swamp drakes
  45 orc warriors
  2 sky beasts
  An ettin simulacrum (Vaults:3)
  21 black bears
  A human zombie (Vaults:4)
  34 ogres
  4 necrophages
  A wolf (shapeshifter) (Vaults:5)
  30 wolves
  22 centaurs
  8 crocodiles
  4 big kobolds
  An earth elemental (Elf:3)
  16 bullfrogs
  A glowing shapeshifter simulacrum (Vaults:5)
  2 elf skeletons (Crypt:3)
  A spiny frog simulacrum (Hell)
  2 wyvern skeletons
  6 scorpions
  9 killer bees
  A warg skeleton (Crypt:1)
  15 wights
  2 electric eels
  A spectral bullfrog (D:11)
  21 crimson imps
  4 bullfrog zombies
  5 jellies
  9 orc priests
  7 hounds
  A black bear zombie (Crypt:1)
  2 bullfrog skeletons
  5 centaur skeletons
  5 iron imps
  A demonspawn skeleton (Crypt:1)
  6 iguanas
  26 orc wizards
  14 worker ants
  An acid dragon zombie (Crypt:1)
  A bullfrog simulacrum (D:11)
  A hound zombie (D:6)
  A hound skeleton (D:6)
  A worker ant zombie (D:5)
  4 gnolls (D:9)
  A steam dragon zombie (Crypt:2)
  16 adders
  A howler monkey skeleton (D:4)
  2 shadow imps
  3 white imps
  An ooze (D:5)
  An adder zombie (D:6)
  An adder skeleton (D:7)
  5 worms
  2 dart slugs
  6 leopard geckos
  127 orcs
  9 bats
  5 giant cockroaches
  9 goblins
  8 hobgoblins
  15 jackals
  3 quokkas
  A ball python (D:6)
  10 frilled lizards
  A gnoll skeleton (Crypt:1)
  A hobgoblin zombie (Crypt:2)
  27 kobolds
  A leopard gecko zombie (D:7)
  4 rats
  A rat skeleton (Crypt:1)
  2 briar patches (Swamp:3)
  2 crawling corpses (Vaults:5)
  6 fungi
  12 plants
  7 withered plants
2542 creatures vanquished.

Vanquished Creatures (others)
  A two-headed ogre (Depths:2)
  A hell hog (Hell)
  A deep elf knight (Elf:3)
  2 deep elf archers (Elf:3)
  A deep elf mage (Elf:3)
  A centaur skeleton (D:11)
  A basilisk (D:15)
  2 hogs (Swamp:3)
  A redback simulacrum (D:15)
  5 insubstantial wisps (Swamp:3)
  2 orc warriors (Orc:2)
  An ogre (Vaults:2)
  3 centaurs
  An orc priest (Orc:2)
  4 orcs
  A kobold (D:12)
  2 briar patches (Swamp:3)
  15 fungi
  8 plants
53 creatures vanquished.

Grand Total: 2595 creatures vanquished

Notes
Turn   | Place    | Note
-------+----------+-------------------------------------------
     0 | D:1      | Duffy the Naga Fighter began the quest for the Orb.
     0 | D:1      | Reached XP level 1. HP: 21/21 MP: 1/1
   214 | D:2      | Reached XP level 2. HP: 28/28 MP: 2/2
   570 | D:4      | Reached XP level 3. HP: 17/34 MP: 3/3
   579 | D:4      | Reached XP level 4. HP: 5/42 MP: 4/4
   583 | D:4      | Found a snail-covered altar of Cheibriados.
   589 | D:4      | Became a worshipper of Cheibriados the Contemplative
   855 | D:4      | Found a burning altar of Makhleb.
  1349 | D:1      | Reached XP level 5. HP: 49/49 MP: 5/5
  1599 | D:2      | Reached * piety under Cheibriados
  1726 | D:2      | Found a shattered altar of Ashenzari.
  2310 | D:2      | Reached ** piety under Cheibriados
  2628 | D:2      | Reached XP level 6. HP: 56/56 MP: 6/6
  2972 | D:3      | Found a radiant altar of Vehumet.
  3174 | D:3      | Reached *** piety under Cheibriados
  3465 | D:4      | Found a staircase to the Ecumenical Temple.
  3577 | D:4      | Noticed a phantom
  3615 | D:4      | Killed a phantom
  3615 | D:4      | Reached skill level 5 in Axes
  3736 | D:4      | Found a glowing silver altar of Zin.
  3736 | D:4      | Noticed an angel
  3737 | D:4      | Noticed a green death
  4024 | D:5      | Entered Level 5 of the Dungeon
  4062 | D:5      | Reached XP level 7. HP: 58/62 MP: 7/7
  4097 | D:5      | Reached skill level 1 in Invocations
  4187 | D:5      | Reached skill level 5 in Shields
  4484 | D:5      | Reached **** piety under Cheibriados
  4649 | D:5      | Reached XP level 8. HP: 45/69 MP: 10/10
  4910 | D:6      | Learned a level 2 spell: Blink
  5290 | D:6      | Reached ***** piety under Cheibriados
  5302 | D:6      | Reached skill level 5 in Invocations
  5311 | D:6      | Reached XP level 9. HP: 20/73 MP: 12/12
  6199 | D:7      | Reached skill level 1 in Evocations
  6227 | D:7      | Found a sparkling altar of Nemelex Xobeh.
  6353 | D:7      | Found a shimmering altar of Xom.
  6551 | D:7      | Noticed a two-headed ogre
  6557 | D:7      | Killed a two-headed ogre
  6758 | D:7      | Found a runed door.
  6843 | D:7      | Noticed a brown ugly thing
  6846 | D:7      | Killed a brown ugly thing
  6846 | D:7      | Reached XP level 10. HP: 36/82 MP: 8/15
  6993 | D:7      | Got a jewelled chain mail
  7005 | D:7      | Identified the +6 chain mail of Prudence {Int+6 Stlth+}
                  | (You found it on level 7 of the Dungeon)
  7045 | D:7      | Found a runed door.
  7771 | D:8      | Found Puema's Weapon Shop.
  7984 | D:9      | Found a bloodstained altar of Trog.
  8068 | D:9      | Noticed Harold
  8079 | D:9      | Killed Harold
  8079 | D:9      | Reached skill level 5 in Evocations
  8357 | D:9      | Noticed a two-headed ogre
  8370 | D:9      | Killed a two-headed ogre
  8695 | D:9      | Reached XP level 11. HP: 84/88 MP: 17/17
  9004 | D:9      | Noticed a two-headed ogre
  9007 | D:9      | Killed a two-headed ogre
  9151 | D:9      | Found a sacrificial altar of Ru.
  9228 | D:10     | Entered Level 10 of the Dungeon
  9921 | D:10     | Reached ****** piety under Cheibriados
  9939 | D:10     | Found Milagyab's Antique Weapon Boutique.
  9983 | D:10     | Found a staircase to the Orcish Mines.
  9990 | D:10     | Reached skill level 1 in Dodging
 10452 | D:11     | Noticed an eight-headed hydra
 10458 | D:11     | Killed a ten-headed hydra
 10705 | D:11     | Reached skill level 10 in Axes
 11110 | D:11     | Found a staircase to the Lair.
 11118 | D:11     | Found Pothremm's Book Shoppe.
 11225 | D:11     | Found a runed gate.
 11225 | D:11     | Found a runed gate.
 11225 | D:11     | Found a runed gate.
 11229 | D:11     | Noticed derval's ghost (journeyman DDEE)
 11265 | D:11     | Reached skill level 5 in Fighting
 11286 | D:11     | Noticed a two-headed ogre
 11292 | D:11     | Killed a two-headed ogre
 11292 | D:11     | Reached XP level 12. HP: 90/101 MP: 18/18
 11619 | Lair:1   | Entered Level 1 of the Lair of Beasts
 11800 | Lair:1   | Got an ichor-stained war axe
 11801 | Lair:1   | Identified the cursed +3 war axe of Compulsion {chop, MR+
                  | Str+3} (You found it on level 1 of the Lair of Beasts)
 12104 | Lair:1   | Reached skill level 5 in Armour
 12852 | Lair:2   | Found a hole to the Spider Nest.
 12944 | Lair:2   | Noticed a six-headed hydra
 12949 | Lair:2   | Noticed Urug
 12952 | Lair:2   | Killed a six-headed hydra
 12958 | Lair:2   | Reached skill level 5 in Dodging
 12963 | Lair:2   | Killed Urug
 13976 | Lair:2   | Noticed a four-headed hydra
 13985 | Lair:2   | Killed a four-headed hydra
 13997 | Lair:2   | Noticed a six-headed hydra
 14003 | Lair:2   | Killed a six-headed hydra
 14246 | Lair:2   | Found a staircase to the Swamp.
 14539 | Lair:3   | Gained mutation: You can use your snake-like lower body to
                  | constrict enemies. [Naga growth]
 14539 | Lair:3   | Reached XP level 13. HP: 115/115 MP: 19/19
 14578 | Lair:3   | Found a frozen archway.
 14610 | IceCv    | Entered an ice cave
 15379 | IceCv    | Noticed a frost giant
 15387 | IceCv    | Killed a frost giant
 15418 | IceCv    | Got a wavering silver ring
 15933 | Lair:3   | Identified the ring of the Scavenger {MR++ Int+4 Dex+2
                  | Slay+5} (You found it in an ice cave)
 16531 | Lair:4   | Found a gate leading to a gauntlet.
 16543 | Gauntlet | Entered a Gauntlet
 16543 | Gauntlet | Found a transporter.
 16543 | Gauntlet | Found a transporter.
 16552 | Gauntlet | Found a transporter.
 16553 | Gauntlet | Found a transporter.
 16556 | Gauntlet | Found a transporter.
 16556 | Gauntlet | Found a transporter.
 16569 | Gauntlet | Found a transporter.
 16573 | Gauntlet | Found a transporter.
 16584 | Gauntlet | Noticed a blizzard demon
 16585 | Gauntlet | Found a transporter.
 16607 | Gauntlet | Found a transporter.
 16626 | Gauntlet | Found a transporter.
 16630 | Gauntlet | Found a transporter.
 16687 | Gauntlet | Gained mutation: You are partially covered in iridescent
                  | scales. (AC +2) [a shining eye]
 16700 | Gauntlet | Got a steaming glass ring
 16739 | Gauntlet | Killed a blizzard demon
 16739 | Gauntlet | Reached XP level 14. HP: 91/127 MP: 20/20
 16856 | Gauntlet | Got a warped steel ring
 16862 | Gauntlet | Got a warped scimitar
 16882 | Gauntlet | Found the +12 Vampire's Tooth {vamp}
 17083 | Gauntlet | Found the +3 salamander hide armour {+Rage rF++}
 17230 | Gauntlet | Identified Lee's Collected Works on the Mountains
 17237 | Gauntlet | Found the +2 robe of Vines {NoPotionHeal Regen+7}
 17239 | Gauntlet | Identified the Compendium of Enhancements
 17258 | Gauntlet | Identified the ring "Lejeeg" {rN+ MR+} (You found it in a
                  | Gauntlet)
 17260 | Gauntlet | Identified the cursed ring of Golany {EV-3 Dex+4} (You
                  | found it in a Gauntlet)
 17307 | Lair:4   | Identified a scroll of acquirement
 17647 | Lair:4   | Got a twitching ruby amulet
 17693 | Lair:4   | Got a steaming helmet
 17704 | Lair:4   | Identified the +2 helmet of Keiwouru {rF++ Int+2} (You
                  | acquired it on level 4 of the Lair of Beasts)
 18407 | Lair:5   | Identified the amulet "Moghyhui" {+Rage rPois rF+ rN++
                  | Str+2} (You found it on level 4 of the Lair of Beasts)
 18472 | Lair:5   | Reached skill level 10 in Fighting
 19268 | Lair:6   | Entered Level 6 of the Lair of Beasts
 19637 | Lair:6   | Noticed Josephine
 19643 | Lair:6   | Killed Josephine
 19823 | Lair:6   | Found a runed door.
 19823 | Lair:6   | Found a viscous altar of Jiyva.
 19828 | Lair:6   | Found a staircase to the Slime Pits.
 19828 | Lair:6   | Noticed an azure jelly
 20237 | Lair:6   | Reached XP level 15. HP: 139/139 MP: 21/21
 20333 | Lair:6   | Got a fine marble ring
 20412 | Lair:6   | Identified the ring of Obussac {*Contam rC+++ MR+++ EV+4
                  | Dex-2} (You found it on level 6 of the Lair of Beasts)
 20596 | Lair:6   | Reached skill level 10 in Armour
 21029 | Orc:1    | Entered Level 1 of the Orcish Mines
 21456 | Orc:2    | Entered Level 2 of the Orcish Mines
 21456 | Orc:2    | Found a staircase to the Elven Halls.
 21889 | Orc:2    | Reached skill level 10 in Dodging
 22027 | Orc:2    | Found Zeawacleumm's Weapon Boutique.
 22027 | Orc:2    | Found Kotyseex's Magic Scroll Shoppe.
 22029 | Orc:2    | Found Fifuont's Armour Emporium.
 22031 | Orc:2    | Found Taiblo Bavvy's Antique Armour Shop.
 22038 | Orc:2    | Bought a scroll of identify for 26 gold pieces
 22038 | Orc:2    | Bought a scroll of identify for 26 gold pieces
 22038 | Orc:2    | Bought a scroll of identify for 26 gold pieces
 22038 | Orc:2    | Bought a scroll of identify for 26 gold pieces
 22038 | Orc:2    | Bought a scroll of identify for 26 gold pieces
 22038 | Orc:2    | Bought a scroll of fear for 45 gold pieces
 22038 | Orc:2    | Bought a scroll of teleportation for 39 gold pieces
 22038 | Orc:2    | Bought a scroll of enchant armour for 97 gold pieces
 22042 | Orc:2    | Bought a scroll of remove curse for 39 gold pieces
 22042 | Orc:2    | Bought a scroll of remove curse for 39 gold pieces
 22586 | D:11     | Killed derval's ghost
 23239 | D:13     | Found a gate to the Vaults.
 23244 | D:13     | Reached skill level 10 in Invocations
 23590 | D:13     | Reached XP level 16. HP: 150/150 MP: 24/24
 24292 | D:14     | Found an opulent altar of Gozag.
 24453 | D:14     | Noticed Snorg
 24462 | D:14     | Killed Snorg
 24865 | D:15     | Entered Level 15 of the Dungeon
 24871 | D:15     | Found a staircase to the Depths.
 25165 | D:15     | Identified the Incunabulum of Execration and Conjuration
 25272 | D:15     | Found a gateway to a bazaar.
 25456 | D:15     | Found a portal to a secret trove of treasure.
 26014 | Elf:1    | Entered Level 1 of the Elven Halls
 26316 | Elf:1    | You fall through a shaft!
 26364 | Elf:2    | Found a runed gate.
 26374 | Elf:2    | Found a runed gate.
 26375 | Elf:2    | Found a runed gate.
 26470 | Elf:2    | Noticed Louise
 26476 | Elf:2    | Reached XP level 17. HP: 150/157 MP: 27/27
 26480 | Elf:2    | Reached skill level 15 in Axes
 26490 | Elf:2    | Killed Louise
 27139 | Elf:1    | Found Retoapt's Distillery.
 27144 | Elf:1    | Bought a potion of heal wounds for 65 gold pieces
 27144 | Elf:1    | Bought a potion of agility for 52 gold pieces
 27256 | Elf:1    | Noticed a Tzitzimitl
 27667 | Elf:3    | Entered Level 3 of the Elven Halls
 27694 | Elf:3    | Reached skill level 10 in Shields
 28125 | Elf:3    | Found Tivemot's Gadget Boutique.
 28125 | Elf:3    | Found Etiyb's Jewellery Emporium.
 28126 | Elf:3    | Found Ihoeh's Jewellery Emporium.
 28953 | Elf:3    | Noticed a deep elf blademaster
 28964 | Elf:3    | Killed a deep elf blademaster
 28964 | Elf:3    | Reached XP level 18. HP: 150/166 MP: 28/28
 29127 | Elf:3    | Identified the ring of Obsession {rC+ Str-3 Dex+2 Slay+3}
 29133 | Elf:3    | Identified the amulet "Geeskesm" {Harm *Drain rElec Dex+3}
 29146 | Elf:3    | Noticed a deep elf master archer
 29150 | Elf:3    | Killed a deep elf master archer
 29157 | Elf:3    | Identified the +8 great mace of Eloyggaq {crush, rF- MP+9
                  | Int+8 Dex-2}
 29245 | Elf:3    | Noticed a deep elf blademaster
 29251 | Elf:3    | Killed a deep elf blademaster
 29353 | Elf:3    | Noticed a deep elf master archer
 29356 | Elf:3    | Killed a deep elf master archer
 29637 | Elf:3    | Identified the Reference Book on Conjuration
 30406 | Bazaar   | Entered a bazaar
 30406 | Bazaar   | Found Soepafae's Antique Armour Shop.
 30418 | Bazaar   | Found Desouw's General Store.
 30445 | Bazaar   | Found Zyiga's Antique Weapon Shop.
 30464 | Bazaar   | Bought a faintly humming plate armour for 756 gold pieces
 30464 | Bazaar   | Identified the +0 plate armour of Chimes {rF++} (You bought
                  | it in a shop in a bazaar)
 30479 | Bazaar   | Bought a potion of invisibility for 88 gold pieces
 30545 | Depths:1 | Entered Level 1 of the Depths
 30608 | Depths:1 | Noticed a juggernaut
 30624 | Depths:1 | Got an ancient pewter amulet
 30642 | Depths:1 | Identified the amulet of Togrirgha {Faith rC+ Str+6 Dex+5}
                  | (You found it on level 1 of the Depths)
 30655 | Depths:1 | Killed a juggernaut
 30908 | Depths:1 | Found Xesao's Weapon Emporium.
 30908 | Depths:1 | Found Kubeze's Weapon Shoppe.
 31325 | Depths:1 | Reached XP level 19. HP: 173/173 MP: 29/29
 31401 | Depths:1 | Found a gateway to Hell.
 32079 | Depths:2 | Noticed a lich
 32080 | Depths:2 | Noticed a juggernaut
 32088 | Depths:2 | Killed a lich
 32089 | Depths:2 | Noticed a golden dragon
 32104 | Depths:2 | Killed a juggernaut
 32119 | Depths:2 | Killed a golden dragon
 32137 | Depths:2 | HP: 3/175 [acid (8)]
 32138 | Depths:2 | Noticed a golden dragon
 32152 | Depths:2 | Killed a golden dragon
 32554 | Depths:2 | Identified the Handbook of Curses
 32669 | Depths:2 | Noticed a juggernaut
 32677 | Depths:2 | Killed a juggernaut
 32677 | Depths:2 | Reached skill level 15 in Shields
 33400 | Depths:3 | Identified the +3 faerie dragon scales {MR+ rCorr}
 33400 | Depths:3 | Noticed the Enchantress
 33403 | Depths:3 | Reached XP level 20. HP: 159/183 MP: 24/30
 33403 | Depths:3 | Killed the Enchantress
 33766 | Depths:3 | Found a one-way gate leading to the halls of Pandemonium.
 33803 | Depths:3 | Found an iron altar of Okawaru.
 34483 | Depths:4 | Noticed a golden dragon
 34487 | Depths:4 | Killed a golden dragon
 34508 | Depths:4 | Got a vibrating lapis lazuli ring
 34513 | Depths:4 | Identified the ring "Zavuginn" {rN+ Str+2} (You found it on
                  | level 4 of the Depths)
 34647 | Depths:4 | Paralysed by a floating eye for 3 turns
 34721 | Depths:4 | Got a sparkling bone ring
 34722 | Depths:4 | Identified the ring "Edal" {*Tele Str+3} (You found it on
                  | level 4 of the Depths)
 34765 | Depths:4 | Found Foriaqocymn's Antique Armour Emporium.
 34801 | Depths:4 | Got a steaming glass ring
 34802 | Depths:4 | Identified the ring of Gluttony {Wiz rF+} (You found it on
                  | level 4 of the Depths)
 34864 | Depths:4 | Found a gateway to a ziggurat.
 34871 | Depths:4 | Identified Zuackyag's Grimoire of the Oath
 34907 | Depths:4 | Paralysed by a floating eye for 3 turns
 34937 | Depths:4 | Found Ysaileak's Antique Armour Boutique.
 35032 | Depths:4 | Noticed Margery
 35042 | Depths:4 | Killed Margery
 35097 | Depths:4 | Reached XP level 21. HP: 150/195 MP: 31/31
 35168 | Depths:4 | Found a one-way gate to the infinite horrors of the Abyss.
 35186 | Depths:4 | Paralysed by a floating eye for 3 turns
 35202 | Depths:4 | Identified the ring "Beesor" {*Drain rElec rN++ Int+4
                  | Stlth+}
 35308 | Depths:4 | Bought a glowing cloak for 277 gold pieces
 35478 | Depths:4 | Learned a level 2 spell: Passwall
 35482 | Depths:4 | Learned a level 3 spell: Regeneration
 35488 | Depths:4 | Learned a level 5 spell: Silence
 35495 | Depths:4 | Learned a level 6 spell: Deflect Missiles
 35515 | Depths:5 | Entered Level 5 of the Depths
 35515 | Depths:5 | Found Ritta's General Store.
 35523 | Depths:5 | Noticed a caustic shrike
 35527 | Depths:5 | Noticed a caustic shrike
 35528 | Depths:5 | Noticed a caustic shrike
 35531 | Depths:5 | Killed a caustic shrike
 35535 | Depths:5 | Killed a caustic shrike
 35540 | Depths:5 | Killed a caustic shrike
 35575 | Depths:5 | Reached skill level 10 in Evocations
 35665 | Depths:5 | Noticed TheNamelessOne's ghost (adept FeFE)
 35716 | Depths:5 | Identified the ring of Etiowiti {rF+ MP+9 Int+2 Dex-2}
 35797 | Depths:5 | Found a runed gate.
 35797 | Depths:5 | Found a runed gate.
 35797 | Depths:5 | Found a runed gate.
 35822 | Depths:5 | Killed TheNamelessOne's ghost
 35941 | Depths:5 | Got a wavering tin amulet
 35942 | Depths:5 | Identified the amulet "Hemydan" {Spirit rC- Int+4 Dex+2
                  | Slay+2} (You found it on level 5 of the Depths)
 36232 | Depths:5 | Noticed a bone dragon
 36260 | Depths:5 | Killed a bone dragon
 36537 | Depths:5 | Found a gate to the Realm of Zot.
 36918 | Hell     | Entered the Vestibule of Hell
 36918 | Hell     | Noticed Geryon
 37123 | Depths:5 | Reached XP level 22. HP: 179/206 MP: 32/32
 37208 | Hell     | Killed Geryon
 37403 | Hell     | Found a gateway to the freezing wastes of Cocytus.
 37484 | Hell     | Reached skill level 15 in Fighting
 37959 | Hell     | Found a gateway to the ashen valley of Gehenna.
 38021 | Hell     | Gained mutation: You tend to lose your temper in combat. [a
                  | cacodemon]
 38087 | Hell     | Found a gateway to the Iron City of Dis.
 38267 | Hell     | Found a gateway to the decaying netherworld of Tartarus.
 38334 | Hell     | Lost mutation: You tend to lose your temper in combat.
                  | [potion of mutation]
 38334 | Hell     | Gained mutation: You are covered in fur. (AC +1) [potion of
                  | mutation]
 38334 | Hell     | Gained mutation: You tend to lose your temper in combat.
                  | [potion of mutation]
 38334 | Hell     | Gained mutation: You are partially covered in large bone
                  | plates. (SH +4) [potion of mutation]
 38335 | Hell     | Lost mutation: You tend to lose your temper in combat.
                  | [potion of mutation]
 38335 | Hell     | Lost mutation: You are partially covered in iridescent
                  | scales. (AC +2) [potion of mutation]
 38335 | Hell     | Gained mutation: You are somewhat resistant to further
                  | mutation. [potion of mutation]
 38738 | Swamp:1  | Entered Level 1 of the Swamp
 40468 | Swamp:3  | Noticed Kirke
 40483 | Swamp:3  | Killed Kirke
 40789 | Swamp:3  | Noticed Roxanne
 40799 | Swamp:3  | Killed Roxanne
 40975 | Swamp:4  | Entered Level 4 of the Swamp
 40978 | Swamp:4  | Reached skill level 1 in Spellcasting
 41043 | Swamp:4  | Reached XP level 23. HP: 216/216 MP: 33/33
 41237 | Swamp:4  | Noticed the 27-headed Lernaean hydra
 41242 | Swamp:4  | Killed the 27-headed Lernaean hydra
 41242 | Swamp:4  | Reached skill level 5 in Spellcasting
 41248 | Swamp:4  | Got a decaying rune of Zot
 41734 | Swamp:4  | Learned a level 3 spell: Spectral Weapon
 41740 | Swamp:4  | Learned a level 5 spell: Borgnjor's Vile Clutch
 41749 | Swamp:4  | Learned a level 8 spell: Controlled Blink
 41936 | Spider:1 | Entered Level 1 of the Spider Nest
 42298 | Spider:1 | Found the +3 warlock's mirror {reflect}
 43329 | Spider:2 | Got a scintillating tin ring
 43450 | Spider:2 | Identified the ring of Boygemi {Ice *Contam Int+3 Dex+2}
                  | (You found it on level 2 of the Spider Nest)
 44192 | Spider:4 | Entered Level 4 of the Spider Nest
 44211 | Spider:4 | Reached skill level 10 in Spellcasting
 44257 | Spider:4 | Reached skill level 1 in Charms
 44257 | Spider:4 | Reached skill level 1 in Air Magic
 44908 | Spider:4 | Got a gossamer rune of Zot
 45789 | Slime:1  | Entered Level 1 of the Pits of Slime
 45818 | Slime:2  | Reached skill level 5 in Air Magic
 45819 | Slime:2  | Reached skill level 5 in Charms
 45893 | Slime:2  | Reached XP level 24. HP: 195/224 MP: 35/37
 46132 | Slime:5  | Entered Level 5 of the Pits of Slime
 46168 | Slime:5  | Found a viscous altar of Jiyva.
 46168 | Slime:5  | Noticed the Royal Jelly
 46183 | Slime:5  | Killed the Royal Jelly
 46468 | Slime:5  | Found the +2 pair of boots of the Assassin {Detection Stab+
                  | Stlth++}
 46471 | Slime:5  | Identified the Papyrus of Supportive Enhancements
 46490 | Slime:5  | Got a slimy rune of Zot
 46513 | Slime:5  | Identified Qaneeles's Grimoire of Assistive Enchantment
 46633 | Slime:5  | Identified the Volume of Harmful Transmigration
 47036 | Slime:5  | Identified the +7 pearl dragon scales "Xuasidod" {rC+ rN+
                  | Str+4 Dex+3 SInv} (You found it on level 5 of the Pits of
                  | Slime)
 47464 | Vaults:1 | Entered Level 1 of the Vaults
 48309 | Vaults:1 | Reached skill level 10 in Air Magic
 48313 | Vaults:1 | Reached skill level 10 in Charms
 49188 | Vaults:2 | Identified the Collected Works on Mutagenic Lightness
 49238 | Vaults:2 | Reached XP level 25. HP: 231/231 MP: 37/37
 49326 | Vaults:2 | Reached skill level 1 in Necromancy
 49953 | Vaults:3 | Found a staircase to the Crypt.
 49984 | Vaults:3 | Reached skill level 5 in Necromancy
 49996 | Vaults:3 | Got an ancient jade ring
 50006 | Vaults:3 | Reached skill level 1 in Hexes
 50146 | Vaults:3 | Reached skill level 5 in Hexes
 50239 | Vaults:3 | Reached skill level 1 in Translocations
 50295 | Vaults:3 | Reached skill level 2 in Translocations
 50414 | Vaults:3 | Reached skill level 3 in Translocations
 50765 | Vaults:3 | Reached skill level 4 in Translocations
 51118 | Vaults:4 | Reached skill level 5 in Translocations
 51206 | Vaults:4 | Reached skill level 6 in Translocations
 51234 | Vaults:4 | Reached skill level 7 in Translocations
 51373 | Vaults:4 | Reached skill level 8 in Translocations
 51619 | Vaults:4 | Reached skill level 9 in Translocations
 51685 | Vaults:4 | Noticed Mennas
 51695 | Vaults:4 | Killed Mennas
 51808 | Vaults:4 | Reached skill level 10 in Translocations
 52164 | Vaults:4 | Reached skill level 11 in Translocations
 52328 | Vaults:5 | Entered Level 5 of the Vaults
 52332 | Vaults:5 | Reached XP level 26. HP: 240/240 MP: 37/37
 52342 | Vaults:5 | Reached skill level 12 in Translocations
 52375 | Vaults:5 | Reached skill level 13 in Translocations
 52574 | Vaults:5 | Identified the ring of Lady Luck {rC- Int+10 SInv} (You
                  | found it on level 3 of the Vaults)
 52575 | Vaults:5 | Identified the +5 storm dragon scales "Rypuluxu" {*Drain
                  | rElec Str+4 Int+5} (You found it on level 5 of the Vaults)
 52578 | Vaults:5 | Got a silver rune of Zot
 52679 | Vaults:5 | Reached skill level 14 in Translocations
 52680 | Vaults:5 | Identified the cursed +2 rapier "Igat" {pierce, Fragile rC+
                  | Str+4 Int+4}
 52883 | Vaults:5 | Identified the Volume of Lucky Necromancy
 52969 | Vaults:5 | Reached skill level 15 in Translocations
 53409 | Vaults:5 | Found Foitsyly's Magic Scroll Shoppe.
 53473 | Vaults:5 | Bought a scroll of teleportation for 51 gold pieces
 53473 | Vaults:5 | Bought a scroll of fog for 34 gold pieces
 53473 | Vaults:5 | Bought a scroll of blinking for 127 gold pieces
 53473 | Vaults:5 | Bought a scroll of teleportation for 51 gold pieces
 53473 | Vaults:5 | Bought a scroll of blinking for 127 gold pieces
 53473 | Vaults:5 | Bought a scroll of fog for 34 gold pieces
 53473 | Vaults:5 | Bought a scroll of identify for 34 gold pieces
 53473 | Vaults:5 | Bought a scroll of identify for 34 gold pieces
 53561 | Vaults:5 | Reached skill level 16 in Translocations
 55989 | Crypt:1  | Entered Level 1 of the Crypt
 56210 | Crypt:1  | Reached XP level 27. HP: 235/247 MP: 37/37
 56763 | Crypt:2  | Reached skill level 17 in Translocations
 57467 | Crypt:3  | Entered Level 3 of the Crypt
 57805 | Crypt:3  | Noticed Jory
 57818 | Crypt:3  | Killed Jory
 57820 | Crypt:3  | Found the +7 great mace "Undeadhunter" {disrupt, rN+}
 57832 | Crypt:3  | Got a crude tin ring
 57832 | Crypt:3  | Got a brightly glowing iron ring
 57833 | Crypt:3  | Identified the ring "Gizodupn" {rN+ Int+7} (You found it on
                  | level 3 of the Crypt)
 57834 | Crypt:3  | Identified the ring of Iber {+Fly rN+ Int+2 Stlth+} (You
                  | found it on level 3 of the Crypt)
 58195 | Crypt:3  | Noticed Boris
 58203 | Crypt:3  | Killed Boris
 58205 | Crypt:3  | Reached skill level 18 in Translocations
 58768 | Crypt:3  | Found a staircase to the Tomb.
 58888 | Crypt:3  | Found an ancient bone altar of Kikubaaqudgha.
 58912 | Crypt:3  | Noticed an ancient lich
 58918 | Crypt:3  | Killed an ancient lich
 59832 | Zot:1    | Entered Level 1 of the Realm of Zot
 59989 | Zot:1    | Noticed an orb of fire
 60001 | Zot:1    | Killed an orb of fire
 60001 | Zot:1    | Reached skill level 19 in Translocations
 60432 | Zot:2    | Quit the game

Vault maps used:
D:1:      minmay_arrival_three_doors
D:2:      nicolae_ashenzari_panopticon
D:3:      lemuel_round_altar
D:4:      grunt_temple_overflow_order_and_chaos_2, lemuel_round_altar,
          minmay_temple_entry_slanted
D:5:      first_ration
D:6:      kennysheep_decorative_pillar, minmay_starry_boxes
D:7:      minmay_the_grid_triangle_9x9_recursive_2, marbit_many_paths,
          xom_teletrap_fun
D:8:      serial_shops, nicolae_shop_waterfront, grunt_ogre_cave,
          corner_web_ring
D:9:      trog_ov_bears_minmay, nicolae_ru_the_path_less_chosen, uniq_harold
D:10:     orc_0_dummy, special_room, serial_shops, shop
D:11:     lair_entry_dummy, serial_shops, shop_fountains,
          gammafunk_ghost_necromancy, grunt_decor_one_mirror,
          minmay_joined_circles
D:12:     kennysheep_cross_room, grunt_decor_arrowhead
D:13:     david_vaults_3
D:14:     hangedman_decor_riveting, hangedman_weighted_door,
          grunt_gozag_statues, uniq_snorg
D:15:     gammafunk_depths_entry_grave, serial_shops, bzr_firewalk,
          enter_trove_3, nrook_campfire
Lair:1:   chequers_serial_rivers_large_a
Lair:2:   beast_lair_carwin_large_4, palyth_hydra_swamp_entry,
          nicolae_spider_entry_non_spiders, uniq_urug
Lair:3:   portal_ice_cave_entry_ice_beasts, lemuel_another_geyser,
          grunt_megastairs_4, serial_bayou_shore_a
Lair:4:   gauntlet_entry_generic, minmay_lair_oklob_chamber
Lair:5:   infiniplex_staircase_pool
Lair:6:   hangedman_lair_caniforms_friends, hangedman_lair_tendril_chambers,
          slime_altar_2, uniq_josephine
Swamp:1:  evilmike_swamp_ruin_house_2
Swamp:2:  evilmike_swamp_ruin_house_4
Swamp:3:  nicolae_swamp_dense_foliage, uniq_roxanne, uniq_kirke
Swamp:4:  grunt_swamp_rune_castle, infiniplex_staircase_pool_2
Spider:1: spider_trap
Spider:2: nicolae_spider_mines_1
Spider:4: grunt_spider_rune_parallel, spiders_nest_hornet_nest
Slime:3:  cheibrodos_slime_lost_civilization_9
Orc:2:    st_orc_rangers
Elf:1:    elf_arrival_002, serial_shops, shop, hangedman_elf_represent
Elf:2:    einodemon_armed_red_devil_minivault, uniq_louise
Elf:3:    elf_hall, minivault_4, grunt_megastairs_2, minmay_shop_grove
Vaults:1: nicolae_vaults_three_branches, v_misc_11, hangedman_vaults_corner,
          nicolae_vaults_network_s, v_rooms_4, v_misc_9,
          ontoclasm_vaults_ring_square, st_lattice, ontoclasm_vaults_ring_large,
          vaults_dpeg_diagonal
Vaults:2: v_pattern_4, v_misc_30, vaults_mumra_hex, vaults_room_octagon,
          grunt_vaults_funnel, nicolae_vaults_what_the_h, v_misc_3,
          vaults_room_door_ring, ontoclasm_vaults_loading_screen
Vaults:3: hangedman_vaults_stream, nicolae_vaults_triangles,
          blue_anna_dwarven_crypt, hangedman_vaults_slice,
          nicolae_vaults_twisting_passages, nicolae_vaults_rhombus_6,
          nicolae_vaults_little_squares_1, nicolae_vaults_theta,
          hangedman_vaults_variations, ontoclasm_vaults_chip, v_alt_pattern_1,
          vaults_dpeg_hooks
Vaults:4: ontoclasm_vaults_tryst, hangedman_vaults_pinch,
          nicolae_vaults_windows_and_doors_thing, grunt_vaults_trifunnel,
          v_misc_14, hangedman_vaults_cutoff, v_pattern_5,
          nicolae_vaults_little_squares_4, ontoclasm_vaults_gateway,
          nicolae_vaults_specimen_jars, v_misc_33, nicolae_vaults_little_ls,
          v_misc_22, v_misc_8, nicolae_vaults_little_squares_6, uniq_mennas
Vaults:5: serial_shops
Crypt:2:  serial_corexii_hall, corexii_hall_statues_s,
          chequers_hall_statues_corner_a
Crypt:3:  quadcrypt_mu, uniq_jory, uniq_boris
Depths:1: pf_coc_iceberg, corexii_corridor_pit,
          minmay_fractal_squares_gapless_7, minmay_shoptagon,
          serial_bayou_shore_b
Depths:2: hangedman_arch_fort, grunt_hell_entry_dis_old, minmay_staircase_bubble
Depths:3: nicolae_whirlpool, pan_entry, grunt_hell_entry_demonic_statue,
          okawaru_ov_weapons_minmay, serial_bayou_shore_b, uniq_enchantress
Depths:4: hangedman_spin_cycle, serial_shops, pan_entry, abyss_entry,
          hell_entry, uniq_margery
Depths:5: grunt_zot_entry_alcove, hangedman_geh_valley, gammafunk_ghost_split,
          ebering_dispersal_statue_hall, serial_shops, shop
Zot:1:    grunt_ministairs_9
Zot:2:    stair_cage_line, st_single_dragon_hoard_3, st_large_dragon_hoard_2,
          lemuel_elevator
Bazaar:   bazaar_jpeg_cross
IceCv:    ice_cave_caverns_01
Gauntlet: gammafunk_gauntlet_hard_choice

Skill      XL: |  1  2  3  4  5  6  7  8  9 10 11 12 13 14 15 16 17 18 19 20 21 22 23 24 25 26 27 |
---------------+----------------------------------------------------------------------------------+-----
Axes           | 3 4 5 6 7 8 9 10 12 13 14 16 18 | 18.0
Shields        | 3 4 5 6 7 8 9 11 12 15 | 15.0
Invocations    | 3 5 7 8 9 10 13 14 | 14.0
Evocations     | 3 5 6 9 10 | 10.0
Dodging        | 3 5 7 9 10 11 12 14 | 14.0
Armour         | 4 6 7 9 10 11 12 14 | 14.0
Fighting       | 5 7 9 11 12 13 14 15 | 15.0
Spellcasting   | 2 10 12 | 12.8
Charms         | 5 10 11 | 11.0
Air Magic      | 5 10 11 | 11.0
Necromancy     | 5 |  5.0
Hexes          | 5 |  5.0
Translocations | 11 16 19 | 19.3

Action                   |  1- 3 |  4- 6 |  7- 9 | 10-12 | 13-15 | 16-18 | 19-21 | 22-24 | 25-27 || total
-------------------------+-------+-------+-------+-------+-------+-------+-------+-------+-------++-------
Melee: War axe           |    62 |   241 |   198 |   477 |       |       |       |       |       ||   978
       Broad axe         |       |       |       |    43 |   678 |   652 |   608 |  1362 |  1177 ||  4520
       Constrict         |       |       |       |       |   171 |   155 |   109 |   253 |   210 ||   898
 Cast: Deflect Missiles  |       |       |       |       |       |       |       |     2 |     2 ||     4
       Regeneration      |       |       |       |       |       |       |       |       |     6 ||     6
       Spectral Weapon   |       |       |       |       |       |       |       |       |     1 ||     1
Invok: Slouch            |       |       |     2 |     8 |     1 |     1 |     5 |     2 |       ||    19
       Temporal Distorti |       |       |       |     3 |       |     1 |     3 |     1 |       ||     8
 Abil: Spit Poison       |     4 |     1 |     1 |       |       |       |       |       |       ||     6
Evoke: Wand              |       |       |     3 |    20 |    46 |    10 |       |    25 |     1 ||   105
       Phantom mirror    |       |       |       |       |       |       |       |     1 |       ||     1
  Use: Potion            |     1 |       |       |       |     1 |       |     4 |     3 |       ||     9
       Scroll            |       |     7 |     8 |    10 |    18 |     8 |    18 |     6 |    14 ||    89
 Stab: Invisible         |       |       |       |       |     9 |       |       |       |       ||     9
       Distracted        |       |       |       |       |     2 |     1 |     3 |       |     1 ||     7
  Eat: Chunk             |       |     7 |     5 |    16 |     9 |     5 |     2 |     6 |     7 ||    57
       Ration            |       |       |       |     1 |     3 |     5 |     4 |     7 |     7 ||    27
Armor: Scale mail        |     6 |       |       |       |       |       |       |       |       ||     6
       Chain mail        |    19 |   135 |    73 |   205 |   256 |   143 |    19 |       |       ||   850
       Storm dragon scal |       |       |       |       |       |       |   127 |   393 |   178 ||   698
Dodge: Dodged            |    15 |    33 |    31 |   122 |   353 |   244 |   245 |   733 |   361 ||  2137
       Deflected         |       |       |       |       |       |     9 |    23 |    41 |    16 ||    89
Block: Shield            |    42 |   135 |   130 |   462 |   785 |   309 |       |       |       ||  1863
       Reflection        |       |       |       |     5 |    83 |    60 |       |       |       ||   148
       Large shield      |       |       |       |       |       |   392 |   951 |  2397 |  1603 ||  5343

Table legend:
 A = Non-vault XP
 B = Vault XP
 C = Vault XP percentage of total XP
 D = Non-vault monster count
 E = Vault monster count
 F = Vault count percentage of total count
                 A         B        C        D         E       F
            +---------+---------+-------+---------+---------+-------
      Total |  653056 |  765248 |  54.0 |    1467 |    1046 |  41.6
            +---------+---------+-------+---------+---------+-------
        D:1 |      35 |       0 |   0.0 |      18 |       0 |   0.0
        D:2 |     144 |       0 |   0.0 |      33 |       0 |   0.0
        D:3 |      72 |       0 |   0.0 |      19 |       0 |   0.0
        D:4 |     360 |       0 |   0.0 |      21 |       0 |   0.0
        D:5 |     675 |       0 |   0.0 |      20 |       0 |   0.0
        D:6 |     643 |     526 |  45.0 |      18 |       8 |  30.8
        D:7 |    1648 |    1272 |  43.6 |      31 |      11 |  26.2
        D:8 |     808 |     107 |  11.7 |      19 |       1 |   5.0
        D:9 |    3850 |    1257 |  24.6 |      36 |       3 |   7.7
       D:10 |    1394 |     504 |  26.6 |      25 |      27 |  51.9
       D:11 |    4231 |    3066 |  42.0 |      23 |      15 |  39.5
       D:12 |    2613 |       0 |   0.0 |      14 |       0 |   0.0
       D:13 |   11773 |    6108 |  34.2 |      40 |      20 |  33.3
       D:14 |   10825 |    2963 |  21.5 |      34 |       6 |  15.0
       D:15 |   12347 |    3752 |  23.3 |      33 |       8 |  19.5
     Lair:1 |    3283 |       0 |   0.0 |      15 |       0 |   0.0
     Lair:2 |    3253 |    6672 |  67.2 |      12 |      28 |  70.0
     Lair:3 |    4195 |    1049 |  20.0 |      17 |       8 |  32.0
     Lair:4 |    5327 |    1253 |  19.0 |      14 |       3 |  17.6
     Lair:5 |    6661 |       0 |   0.0 |      21 |       0 |   0.0
     Lair:6 |    7056 |   25058 |  78.0 |      24 |     101 |  80.8
    Swamp:1 |   15710 |       0 |   0.0 |      48 |       0 |   0.0
    Swamp:2 |   15726 |       0 |   0.0 |      31 |       0 |   0.0
    Swamp:3 |   18817 |    4733 |  20.1 |      38 |       5 |  11.6
    Swamp:4 |   12135 |   21867 |  64.3 |      32 |      33 |  50.8
   Spider:1 |    5990 |       0 |   0.0 |      23 |       0 |   0.0
   Spider:2 |   25903 |    1359 |   5.0 |      64 |       4 |   5.9
   Spider:3 |   13900 |       0 |   0.0 |      36 |       0 |   0.0
   Spider:4 |    9989 |   26009 |  72.3 |      34 |      55 |  61.8
    Slime:1 |    6852 |       0 |   0.0 |      13 |       0 |   0.0
    Slime:2 |    7112 |       0 |   0.0 |      17 |       0 |   0.0
    Slime:3 |    6259 |       0 |   0.0 |      12 |       0 |   0.0
    Slime:4 |   19134 |       0 |   0.0 |      42 |       0 |   0.0
    Slime:5 |    6452 |   29987 |  82.3 |      16 |      14 |  46.7
      Orc:1 |    1332 |       0 |   0.0 |      16 |       0 |   0.0
      Orc:2 |    4813 |    7177 |  59.9 |      35 |      39 |  52.7
      Elf:1 |   13759 |    5917 |  30.1 |      19 |       8 |  29.6
      Elf:2 |   20987 |    5520 |  20.8 |      32 |       8 |  20.0
      Elf:3 |   27328 |   48939 |  64.2 |      40 |      39 |  49.4
   Vaults:1 |   25302 |   16679 |  39.7 |      46 |      25 |  35.2
   Vaults:2 |   19466 |   20575 |  51.4 |      47 |      32 |  40.5
   Vaults:3 |   17496 |   26737 |  60.4 |      24 |      34 |  58.6
   Vaults:4 |   49786 |   32460 |  39.5 |      69 |      49 |  41.5
   Vaults:5 |    6018 |  134709 |  95.7 |      10 |      99 |  90.8
    Crypt:1 |   28120 |       0 |   0.0 |      37 |       0 |   0.0
    Crypt:2 |   24134 |       0 |   0.0 |      34 |       0 |   0.0
    Crypt:3 |       0 |   73137 | 100.0 |       0 |      83 | 100.0
   Depths:1 |   25153 |   12869 |  33.8 |      28 |       6 |  17.6
   Depths:2 |   27387 |   41142 |  60.0 |      43 |      20 |  31.7
   Depths:3 |    8521 |   21838 |  71.9 |      13 |      38 |  74.5
   Depths:4 |       0 |   86420 | 100.0 |       0 |      77 | 100.0
   Depths:5 |   35342 |   40014 |  53.1 |      24 |      25 |  51.0
       Hell |   35558 |   26281 |  42.5 |      40 |      48 |  54.5
      Zot:1 |   30136 |    9664 |  24.3 |      13 |       2 |  13.3
      Zot:2 |    7246 |       0 |   0.0 |       4 |       0 |   0.0
      IceCv |       0 |   13492 | 100.0 |       0 |      53 | 100.0
   Gauntlet |       0 |    4136 | 100.0 |       0 |      11 | 100.0
            +---------+---------+-------+---------+---------+-------
